 Dungeon Crawl Stone Soup version 0.31.0-32-g396128a36d (webtiles) character file.

Game seed: 6883085148823025004

1731 3lams the Cleaver (level 8, -7/73 HPs)
             Began as a Minotaur Berserker on Apr 13, 2024.
             Was an Elder of Trog.
             Mangled by a yak (8 damage)
             ... on level 7 of the Dungeon.
             The game lasted 00:16:37 (4942 turns).

3lams the Cleaver (Minotaur Berserker)              Turns: 4942, Time: 00:16:42

Health: -7/73      AC:  4    Str: 29    XL:     8   Next: 76%
Magic:  7/7        EV: 13    Int:  4    God:    Trog [****..]
Gold:   236        SH:  0    Dex:  9    Spells: 7/7 levels left

rFire   . . .        k - +4 hand axe "Ivocsue" {venom, Str+4}
rCold   . . .        (no shield)
rNeg    . . .        b - +0 animal skin
rPois   .            (helmet restricted)
rElec   .            (no cloak)
rCorr   .            (no gloves)
SInv    .            c - +1 pair of boots
Will    .....        (no amulet)
Stlth   +            (no ring)
HPRegen 0.32/turn    (no ring)
MPRegen 0.10/turn

%: no passive effects
@: very slow
A: horns 2, retaliatory headbutt
a: Renounce Religion, Berserk, Trog's Hand, Brothers in Arms


You were on level 7 of the Dungeon.
You worshipped Trog.
Trog was greatly pleased with you.
You visited 1 branch of the dungeon, and saw 7 of its levels.

You collected 236 gold pieces.

Inventory:

Hand Weapons
 a - a +2 hand axe of flaming
 k - the +4 hand axe "Ivocsue" (weapon) {venom, Str+4}
   (You found it on level 3 of the Dungeon)

   Str+4:     It affects your strength (+4).
Armour
 b - a +0 animal skin (worn)
 c - a +1 pair of boots (worn)
Jewellery
 f - a ring of positive energy
 n - a ring of flight
 r - a ring of see invisible
Wands
 t - a wand of roots (8)
Scrolls
 d - 2 scrolls of identify
 e - a scroll of blinking
 h - a scroll of poison {unknown}
 l - a scroll of fear
 m - a scroll of immolation {unknown}
 o - a scroll of teleportation
 q - 5 scrolls of vulnerability
 s - a scroll of enchant weapon
Potions
 g - a potion of heal wounds {unknown}
 i - 2 potions of magic {unknown}
 j - a potion of might
 p - a potion of attraction


   Skills:
 + Level 7.3 Fighting
 + Level 9.8 Axes
 + Level 2.7 Armour
 + Level 5.9 Dodging
 + Level 3.0 Stealth


You had 7 spell levels left.
You didn't know any spells.
Your spell library was empty.

Dungeon Overview and Level Annotations

Branches:
Dungeon (7/15)
 Temple: D:4-7

Altars:
Ashenzari
Sif Muna
Uskayaw
Zin

Shops:
D:2 ?

Portals:
Bailey: D:7


Innate Abilities, Weirdness & Mutations

You have a pair of horns on your head.
You reflexively headbutt those who attack you in melee.


Message History

Trog accepts your kill.
Your Stealth skill increases to level 3!
You barely miss the yak. You completely miss the yak.
You enter the shallow water.
Moving in this stuff is going to be slow.
The yak gores you! The yak gores you.
Your unstable footing causes you to fumble your attack.
The yak misses you. The yak gores you!
* * * LOW HITPOINT WARNING * * *
The yak gores you but does no damage.
You slash the yak!
The yak is poisoned.
You headbutt the yak!
The yak is heavily wounded.
You hit the yak.
The yak is poisoned.
You hit the yak. The yak barely misses you. The yak gores you.
* * * LOW HITPOINT WARNING * * *
The yak gores you!
* * * LOW HITPOINT WARNING * * *
You hit the yak.
The yak looks as sick as possible!
Your headbutt misses the yak.
The yak is heavily wounded.
You slash the yak!
The yak looks as sick as possible!
You hit the yak. The yak closely misses you. You furiously retaliate!
You headbutt the yak. The yak gores you but does no damage.
The yak barely misses you.
You slash the yak!
The yak looks as sick as possible!
The yak is severely wounded.
You barely miss the yak. You hit the yak.
The yak looks as sick as possible!
The yak barely misses you. The yak gores you!
* * * LOW HITPOINT WARNING * * *
You closely miss the yak.
The yak is severely wounded.
You barely miss the yak. You hit the yak but do no damage.
The yak is poisoned.
The yak barely misses you.
You hit the yak.
The yak looks even sicker.
The yak is moderately wounded.
You hit the yak. x2; The yak looks as sick as possible!
You kill the yak!
Trog accepts your kill. The yak gores you!
You die...

######### #.......###
#.#.......# ....≈≈≈≈≈.#
....≈.>.≈)###############
....≈.∩Y@................
.#.≈..)≈Y###############
#.≈≈≈≈≈......
#............
#.....#.......
#.....+.......
.......##.....# .......#.
...... ...#.## . .....


You could see 2 yaks.

Vanquished Creatures
  A wyvern (D:7)
  2 yaks (D:7)
  An ice beast (D:6)
  2 ogres
  2 centaurs (D:6)
  A phantom (D:5)
  2 bullfrogs (D:6)
  3 scorpions
  2 bombardier beetles
  4 hounds
  A jelly (D:7)
  An orc priest (D:7)
  4 orc wizards
  Robin (D:3)
  7 gnolls
  7 adders
  A shadow imp (D:6)
  A white imp (D:6)
  2 ufetubi (D:5)
  2 dart slugs
  14 orcs
  8 endoplasms
  4 giant cockroaches
  19 goblins
  10 hobgoblins
  5 jackals
  4 kobolds
  2 quokkas
  7 ball pythons
  4 bats
  5 frilled lizards
  7 rats
136 creatures vanquished.

Vanquished Creatures (others)
  An orc wizard (D:7)
1 creature vanquished.

Grand Total: 137 creatures vanquished

Notes
Turn   | Place    | Note
-------+----------+-------------------------------------------
     0 | D:1      | 3lams the Minotaur Berserker began the quest for the Orb.
     0 | D:1      | Reached XP level 1. HP: 19/19 MP: 0/0
   106 | D:1      | Reached XP level 2. HP: 21/27 MP: 1/1
   242 | D:1      | Reached skill level 4 in Axes
   400 | D:1      | Found a faded altar of an unknown god.
   615 | D:1      | Reached XP level 3. HP: 25/33 MP: 2/2
   820 | D:2      | Reached ** piety under Trog
   833 | D:2      | Found a glowing silver altar of Zin.
  1140 | D:2      | Reached skill level 5 in Axes
  1140 | D:2      | Reached XP level 4. HP: 36/41 MP: 3/3
  1243 | D:2      | Found Difa Zom's Magic Scroll Boutique.
  1527 | D:3      | Reached skill level 5 in Fighting
  1612 | D:3      | Reached XP level 5. HP: 44/48 MP: 4/4
  1820 | D:3      | Found a hide-covered altar of Uskayaw.
  1826 | D:3      | Noticed Robin
  1834 | D:3      | Killed Robin
  1836 | D:3      | Reached *** piety under Trog
  1895 | D:3      | Identified the +4 hand axe "Ivocsue" {venom, Str+4}
  3035 | D:4      | Found a shimmering blue altar of Sif Muna.
  3154 | D:5      | Entered Level 5 of the Dungeon
  3154 | D:5      | Noticed a phantom
  3161 | D:5      | Killed a phantom
  3162 | D:5      | Reached skill level 6 in Axes
  3162 | D:5      | Reached XP level 6. HP: 39/56 MP: 5/5
  3182 | D:5      | Reached skill level 1 in Stealth
  3281 | D:5      | Reached skill level 7 in Axes
  3409 | D:5      | Reached XP level 7. HP: 62/62 MP: 6/6
  3970 | D:6      | Reached skill level 8 in Axes
  4279 | D:6      | Reached skill level 5 in Dodging
  4279 | D:6      | Reached XP level 8. HP: 58/71 MP: 7/7
  4394 | D:6      | Found a broken altar of Ashenzari.
  4646 | D:6      | Reached skill level 9 in Axes
  4831 | D:7      | Reached **** piety under Trog
  4915 | D:7      | Found a flagged portal.
  4940 | D:7      | HP: 1/73 [yak (10)]
  4942 | D:7      | Mangled by a yak

Illustrated notes

Levels and vault maps discovered:
D:1:      wander_arrival_abandoned_jail, layout_basic, serial_corexii_hall,
          corexii_hall_statues_i, chequers_hall_statues_y,
          dreamdust_ecumenical_altar_grove
D:2:      layout_basic, basic_altar, serial_shops, shop
D:3:      layout_basic, mainiacjoe_overflow_small_starburst,
          serial_corexii_hall, corexii_hall_statues_i,
          chequers_hall_statues_wall_a, kennysheep_crisscross, uniq_robin
D:4:      layout_basic, led_sif_book, gammafunk_ghost_cemetery, uniq_natasha
D:5:      layout_cave_pools
D:6:      layout_basic, mainiacjoe_overflow_alcove_2, lemuel_flame_loot_1
D:7:      layout_basic, minmay_temple_entry_large_hall, enter_bailey_5,
          minivault_23

Skill      XL: |  1  2  3  4  5  6  7  8 |
---------------+-------------------------+-----
Fighting       | 4 5 6 7 |  7.3
Axes           | 4 5 6 7 8 9 |  9.8
Dodging        | 3 4 5 |  5.9
Stealth        | 1 2 3 |  3.0
Armour         | |  2.7

Action                     |  1- 3 |  4- 6 |  7- 9 || total
---------------------------+-------+-------+-------++-------
  Melee: Hand axe          |    77 |   102 |    92 ||   271
         Headbutt          |    11 |    18 |    18 ||    47
         Punch             |       |     1 |       ||     1
    Use: Scroll            |     5 |     3 |     1 ||     9
         Potion            |     1 |     2 |     3 ||     6
   Stab: Sleeping          |       |       |     1 ||     1
 Armour: Animal skin       |    51 |    63 |    62 ||   176
  Dodge: Dodged            |    58 |    76 |    60 ||   194
